 Dungeon Crawl Stone Soup version 0.32-a0-135-g14f8b2e1af (webtiles) character file.

Game seed: 15556702771726151105

263 Kenran the Shooter (level 5, -1/25 HPs)
             Began as a Spriggan Hunter on Feb 10, 2024.
             Killed from afar by an orc wizard (7 damage)
             ... with a magic dart
             ... on level 3 of the Dungeon.
             The game lasted 00:02:44 (2107 turns).

Kenran the Shooter (Spriggan Hunter)                Turns: 2107, Time: 00:02:45

Health: -1/25      AC:  2    Str:  7    XL:     5   Next: 98%
Magic:  6/6        EV: 18    Int: 11    God:
Gold:   144        SH:  0    Dex: 20    Spells: 4/4 levels left

rFire   . . .        a - +0 shortbow
rCold   . . .        (shield currently unavailable)
rNeg    . . .        c - +0 robe
rPois   .            (helmet restricted)
rElec   .            (no cloak)
rCorr   .            (gloves unavailable)
SInv    +            (boots unavailable)
Will    .....        (no amulet)
Stlth   +            (no ring)
HPRegen 0.24/turn    (no ring)
MPRegen 0.10/turn

%: no passive effects
@: confused, very quick
A: very small, no large weapons, unfitting armour, see invisible, speed 3
a: no special abilities


You were on level 3 of the Dungeon.
You visited 1 branch of the dungeon, and saw 3 of its levels.

You collected 144 gold pieces.

Inventory:

Hand Weapons
 a - a +0 shortbow (weapon)
Armour
 c - a +0 robe (worn)
Scrolls
 b - a scroll of butterflies
 d - 3 scrolls of enchant weapon {unknown}
 f - a scroll of identify {unknown}
 h - a scroll of fog {unknown}
 k - a scroll of teleportation
 l - 2 scrolls of blinking {unknown}
 m - a scroll of acquirement {unknown}
 r - a scroll of vulnerability {unknown}
Potions
 e - a potion of enlightenment {unknown}
 g - 2 potions of degeneration {unknown}
 i - a potion of attraction {unknown}
 j - a potion of heal wounds {unknown}
 n - a potion of magic {unknown}
 o - 2 potions of haste {unknown}
 p - a potion of curing {unknown}
 q - a potion of mutation {unknown}


   Skills:
 - Level 1.5 Fighting
 + Level 7.3 Ranged Weapons
 - Level 2.6 Dodging
 - Level 1.5 Stealth


You had 4 spell levels left.
You didn't know any spells.
Your spell library was empty.

Dungeon Overview and Level Annotations

Branches:
Dungeon (3/15)

Altars:


Innate Abilities, Weirdness & Mutations

You are very small and have problems with some larger weapons.
You are too small for most types of armour.
You have supernaturally acute eyesight. (SInv)
You cover ground extremely quickly. (Speed+++)


Message History

The orc wizard is severely wounded.
You shoot an arrow. The arrow hits the orc wizard.
The orc wizard is almost dead.
You shoot an arrow. The arrow barely misses the orc wizard.
The orc wizard barely misses you.
You shoot an arrow.
The arrow closely misses the orc wizard.
The orc wizard hits you with a +0 dagger.
You shoot an arrow.
The arrow closely misses the orc wizard.
The orc wizard gestures at you while chanting.
The puff of flame hits you.
You shoot an arrow.
The arrow closely misses the orc wizard.
The orc wizard hits you with a +0 dagger.
You are too injured to fight recklessly!
You are too injured to fight recklessly!
You shoot an arrow. The arrow barely misses the orc wizard.
The orc wizard completely misses you.
You shoot an arrow.
The arrow hits the orc wizard but does no damage.
The orc wizard is almost dead.
The orc wizard casts a spell at you. The puff of flame hits you!
* * * LOW HITPOINT WARNING * * *
You shoot an arrow. The arrow barely misses the orc wizard.
The orc wizard hits you with a +0 dagger.
* * * LOW HITPOINT WARNING * * *
You shoot an arrow.
The arrow completely misses the orc wizard.
The orc wizard misses you.
You shoot an arrow.
The arrow hits the orc wizard but does no damage.
The orc wizard is almost dead.
The orc wizard casts a spell at you.
You are confused.
The orc wizard barely misses you.
The orc wizard gestures at you while chanting.
The magic dart hits you!
You die...

†...# #.#.# .# #.#
##.#### #.#.# .# #.#
......# #.#.# .# # #.
..†...# ########.#.#
.##.#.#.# ......#
#..........#####.##.#.#..
......# #................
#...... ......#
#.........####### #......
......#
#............###.........
......#
#...(...@.o..............
##.####
#...........>###.....>...
#.# #............#
....... #.#
##########...# .......
#.# #..(# ......> #.#
##### #...... #.# #......
#.# ###############
#...... #.#
#..<.#........# ##.....


You could see an orc wizard.

Vanquished Creatures
  Sigmund (D:2)
  An iguana (D:3)
  2 adders
  2 dart slugs
  2 ribbon worms
  4 orcs (D:3)
  3 ball pythons
  5 endoplasms
  3 giant cockroaches
  4 goblins
  5 hobgoblins
  3 jackals (D:2)
  5 kobolds
  4 bats
  3 frilled lizards
  12 rats
59 creatures vanquished.

Notes
Turn   | Place    | Note
-------+----------+-------------------------------------------
     0 | D:1      | Kenran the Spriggan Hunter began the quest for the Orb.
     0 | D:1      | Reached XP level 1. HP: 10/10 MP: 2/2
    92 | D:1      | Reached XP level 2. HP: 14/14 MP: 3/3
   378 | D:1      | Reached skill level 5 in Ranged Weapons
   592 | D:2      | Noticed Sigmund
   619 | D:2      | Reached XP level 3. HP: 18/18 MP: 4/4
   624 | D:2      | Killed Sigmund
   625 | D:2      | Reached skill level 6 in Ranged Weapons
   625 | D:2      | Reached XP level 4. HP: 15/22 MP: 5/5
   625 | D:2      | Reached XP level 5. HP: 17/25 MP: 6/6
  1328 | D:3      | Reached skill level 7 in Ranged Weapons
  2107 | D:3      | Killed from afar by an orc wizard

Illustrated notes

Levels and vault maps discovered:
D:1:      psy_arrival_terrarium, layout_basic
D:2:      layout_basic, minmay_domino_4, uniq_sigmund
D:3:      layout_basic, minmay_surrounded

Skill      XL: |  1  2  3  4  5 |
---------------+----------------+-----
Ranged Weapons | 5 6 7 |  7.3
Fighting       | |  1.5
Dodging        | |  2.6
Stealth        | |  1.5

Action                     |  1- 3 |  4- 6 || total
---------------------------+-------+-------++-------
   Fire: Shortbow          |    74 |    92 ||   166
    Use: Scroll            |       |     1 ||     1
 Armour: Robe              |     6 |    12 ||    18
  Dodge: Dodged            |     9 |     5 ||    14

Table legend: (Time is in decaauts)
 A = Elapsed time spent in this place.
 B = Non-inter-level travel time spent in this place.
 C = Inter-level travel time spent in this place.
 D = Time resting spent in this place.
 E = Time spent auto-exploring this place.
 F = Levels seen in this place.
 G = Mean time per level.
                   A        B        C        D        E       F      G
               +--------+--------+--------+--------+--------+-----+--------+
         Total |   1421 |   1390 |     31 |    139 |    903 |   3 |  473.7 |
       Dungeon |   1421 |   1390 |     31 |    139 |    903 |   3 |  473.7 |
               +--------+--------+--------+--------+--------+-----+--------+

Top non-repeatable levels by time:
     D:3: 566 daAuts
     D:2: 470 daAuts
     D:1: 384 daAuts
